 Dungeon Crawl Stone Soup version 0.28-a0-845-gfc338a8e3c (webtiles) character file.

Game seed: 16847920674085660902

462 Crownlay the Digger (level 7, 0/36 HPs)
             Began as a Gargoyle Earth Elementalist on Nov 12, 2021.
             Slain by Duvessa (7 damage)
             ... on level 4 of the Dungeon.
             The game lasted 00:05:00 (3393 turns).

Crownlay the Digger (Gargoyle Earth Elementalist)   Turns: 3393, Time: 00:05:01

Health: 0/36       AC:  7    Str: 12    XL:     7   Next: 7%
Magic:  4/15       EV: 11    Int: 17    God:
Gold:   108        SH:  0    Dex: 10    Spells: 13/17 levels left

rFire   . . .      SeeInvis .   f - +0 dagger
rCold   . . .      Faith    .   (no shield)
rNeg    + . .      Spirit   .   b - +0 robe
rPois   ∞          Reflect  .   (no helmet)
rElec   +          Harm     .   (no cloak)
rCorr   .          Rampage  .   (no gloves)
Will    .....                   h - +0 pair of boots
Stlth   ++........              a - amulet of regeneration
HPRegen 1.12/turn               (no ring)
MPRegen 0.14/turn               (no ring)

@: no status effects
A: sickness immunity, AC +4, negative energy resistance 1, electricity
resistance, torment resistance 1, petrification resistance
a: no special abilities


You were on level 4 of the Dungeon.
You visited 1 branch of the dungeon, and saw 4 of its levels.

You collected 108 gold pieces.

Inventory:

Hand Weapons
 f - a +0 dagger (weapon)
Missiles
 c - 39 stones
Armour
 b - a +0 robe (worn)
 h - a +0 pair of boots (worn)
 i - a +0 kite shield
Jewellery
 a - an amulet of regeneration (around neck)
 j - a +4 ring of evasion
Scrolls
 d - 2 scrolls of identify
 m - a scroll of fog {unknown}
 n - a scroll of torment {unknown}
 o - a scroll of vulnerability {unknown}
Potions
 e - 2 potions of attraction
 g - a potion of might {unknown}
 k - 2 potions of degeneration {unknown}
 l - a potion of cancellation {unknown}


   Skills:
 - Level 1.5 Dodging
 - Level 2.1 Stealth
 * Level 5.6 Spellcasting
 - Level 0.7 Transmutations
 + Level 6.1 Earth Magic


You had 13 spell levels left.
You knew the following spells:

 Your Spells              Type           Power      Damage    Failure   Level
a - Sandblast             Erth           50%        2d12      1%          1
b - Stone Arrow           Conj/Erth      30%        3d8       12%         3

Your spell library contained the following spells:

 Spells                   Type           Power      Damage    Failure   Level
 Passwall                 Tmut/Erth      13%        N/A       4%          2
 Animate Skeleton         Necr           8%         N/A       14%         1
 Pain                     Necr           16%        1d4       14%         1
 Petrify                  Tmut/Erth      16%        N/A       32%         4
 Leda's Liquefaction      Hex/Erth       7%         N/A       36%         4
 Call Canine Familiar     Summ           4%         N/A       38%         3
 Portal Projectile        Hex/Tloc       8%         N/A       38%         3
 Vampiric Draining        Necr           4%         2d6       38%         3


Dungeon Overview and Level Annotations

Branches:
Dungeon (4/15)
 Temple: D:4-7

Altars:

Annotations:
D:4 Dowan, Duvessa, Natasha


Innate Abilities, Weirdness & Mutations

You are immune to sickness and miasma.
Your stone body is resilient. (AC +4)
You are immune to poison.
You resist negative energy. (rN+)
You are resistant to electric shocks. (rElec)
You are resistant to unholy torment.
You are immune to petrification.


Message History

The orc wizard is lightly wounded.
Natasha hisses angrily.
Duvessa says, "When magic and the sword combine, nothing stands against them."
The orc wizard gestures at you while chanting.
The puff of flame misses you. Duvessa hits you with a +0 short sword!
The orc wizard casts a spell.
The orc wizard flickers and vanishes!
Deactivating autopickup; reactivate with Ctrl-A.
Duvessa hits you with a +0 short sword. Duvessa hits you with a +0 short sword.
The blast of sand hits Duvessa but does no damage.
Duvessa hits you with a +0 short sword! Duvessa barely misses you.
The blast of sand hits Duvessa but does no damage.
Duvessa hits you with a +0 short sword.
The blast of sand hits Duvessa!
Duvessa is heavily wounded.
Duvessa hits you with a +0 short sword! Duvessa barely misses you.
You are too injured to fight recklessly!
You are too injured to fight recklessly!
Casting: Sandblast (safe; 1% risk of failure)
Confirm with . or Enter, or press ? or * to list all spells.
The spell is quite dangerous to cast (12% risk of failure)!
Continue anyway?
Aiming: Stone Arrow (quite dangerous; 12% risk of failure)
Press: ? - help, Shift-Dir - straight line, f/p - Duvessa
Aim: Duvessa, wielding a +0 short sword and wearing a +3 ring mail (heavily wounded, fast, 77% to hit)
The stone arrow hits Duvessa!
Duvessa is severely wounded.
Duvessa hits you but does no damage.
Casting: Stone Arrow (quite dangerous; 12% risk of failure)
Confirm with . or Enter, or press ? or * to list all spells.
The spell is quite dangerous to cast (12% risk of failure)!
Continue anyway?
Aiming: Stone Arrow (quite dangerous; 12% risk of failure)
Press: ? - help, Shift-Dir - straight line, f/p - Duvessa
Aim: Duvessa, wielding a +0 short sword and wearing a +3 ring mail (severely wounded, fast, 77% to hit)
The stone arrow hits Duvessa.
Duvessa is almost dead.
Duvessa hits you with a +0 short sword!
* * * LOW HITPOINT WARNING * * *
Duvessa hits you with a +0 short sword!
You die...

#.# #..# #.# #..# #..# #
#.# #..#. #..### ##. #.#
#####.... #..... ##...
#.#... ....# #.####
#....h###.#.# #.#.# #.##
....eg.{....# #.#.## #..#
...Soo.##h#######....####.#
.....J$ #{oe@.....#.....#.#
....... ##########.#.##.#.#
...>... ##.###.#.# .......
### #.#.# ....... #.#.#
....... #.#.# #.#.# #.#.#
### ### #.#..#


You could see Duvessa (fast), Natasha and an orc.

Vanquished Creatures
  Sigmund (D:2)
  A necrophage (D:3)
  An ogre (D:4)
  A hound (D:4)
  2 adders
  An adder skeleton (D:4)
  A worm (D:2)
  2 dart slugs
  4 orcs
  3 bats
  9 endoplasms
  4 giant cockroaches
  7 goblins
  6 hobgoblins
  2 kobolds (D:2)
  2 quokkas (D:4)
  11 ball pythons
  2 frilled lizards
  4 rats
64 creatures vanquished.

Notes
Turn   | Place    | Note
-------+----------+-------------------------------------------
     0 | D:1      | Crownlay the Gargoyle Earth Elementalist began the quest
                  | for the Orb.
     0 | D:1      | Reached XP level 1. HP: 10/10 MP: 3/3
   434 | D:1      | Reached XP level 2. HP: 7/15 MP: 1/5
   706 | D:1      | Found a faded altar of an unknown god.
   805 | D:1      | Reached skill level 4 in Earth Magic
   937 | D:1      | Reached XP level 3. HP: 10/19 MP: 0/7
  2108 | D:2      | Noticed Sigmund
  2116 | D:2      | Killed Sigmund
  2117 | D:2      | Reached skill level 5 in Earth Magic
  2117 | D:2      | Reached XP level 4. HP: 23/24 MP: 3/10
  2117 | D:2      | Reached XP level 5. HP: 27/28 MP: 3/11
  2517 | D:3      | Reached XP level 6. HP: 32/32 MP: 10/13
  2548 | D:3      | Noticed a necrophage
  2557 | D:3      | Killed a necrophage
  2558 | D:3      | Reached skill level 5 in Spellcasting
  2649 | D:3      | Learned a level 3 spell: Stone Arrow
  3063 | D:4      | Reached skill level 6 in Earth Magic
  3063 | D:4      | Reached XP level 7. HP: 36/36 MP: 12/15
  3379 | D:4      | Noticed Duvessa
  3379 | D:4      | Noticed Dowan
  3382 | D:4      | Noticed Natasha
  3393 | D:4      | Slain by Duvessa

Illustrated notes

Levels and vault maps discovered:
D:1:      lightli_arrival_chessboard, layout_basic,
          shapermc_ecumenical_altar_acropolis, serial_rivers,
          chequers_serial_rivers_micro_b, chequers_serial_rivers_large_b,
          chequers_serial_rivers_micro_e, chequers_serial_rivers_small_3,
          due_unseen_surprise
D:2:      layout_basic, uniq_sigmund
D:3:      layout_rooms, kennysheep_nondescript
D:4:      layout_loops_ring, nemelex_dance_club_becter, uniq_duvessa,
          uniq_natasha

Skill      XL: |  1  2  3  4  5  6 |
---------------+-------------------+-----
Earth Magic    | 4 5 6 |  6.1
Spellcasting   | 4 5 |  5.6
Dodging        | |  1.5
Stealth        | |  2.1
Transmutations | |  0.7

Action                   |  1- 3 |  4- 6 |  7- 9 || total
-------------------------+-------+-------+-------++-------
Melee: Unarmed           |    47 |       |       ||    47
       Dagger            |    66 |    48 |    65 ||   179
 Cast: Sandblast         |    28 |    15 |    13 ||    56
       Stone Arrow       |       |     1 |     2 ||     3
  Use: Scroll            |       |     1 |       ||     1
 Stab: Sleeping          |     4 |     1 |       ||     5
Armor: Robe              |    37 |    20 |    25 ||    82
Dodge: Dodged            |    48 |    34 |    30 ||   112

Table legend: (Time is in decaauts)
 A = Elapsed time spent in this place.
 B = Non-inter-level travel time spent in this place.
 C = Inter-level travel time spent in this place.
 D = Time resting spent in this place.
 E = Time spent auto-exploring this place.
 F = Levels seen in this place.
 G = Mean time per level.
                   A        B        C        D        E       F      G
               +--------+--------+--------+--------+--------+-----+--------+
         Total |   3425 |   3327 |     98 |      0 |   2742 |   4 |  856.2 |
       Dungeon |   3425 |   3327 |     98 |      0 |   2742 |   4 |  856.2 |
               +--------+--------+--------+--------+--------+-----+--------+

Top non-repeatable levels by time:
     D:1: 1454 daAuts
     D:2: 1051 daAuts
     D:3: 533 daAuts
     D:4: 385 daAuts
